Description

this is a all in very good against zegs with chargelots and immortals

VOD

https://youtu.be/VUtfD8JnYVY?si=8rVCqcS1R5zHP183

Build Order

Get SALT Encoding   

  14  0:17  Pylon  
  17  0:43  Gateway  
  17  0:45  Assimilator  
  20  1:25  Nexus  
  20  1:31  Cybernetics Core  
  21  1:42  Assimilator  
  22  1:51  Pylon  
  23  2:08  Adept (Chrono Boost)  
  23  2:09  Warp Gate  
  26  2:22  Robotics Facility  
  29  2:29  Stalker  
  36  3:02  Adept  
  38  3:12  Warp Prism  
  43  3:19  Pylon  
  43  3:21  Gateway  
  44  3:34  Twilight Council  
  44  3:35  Forge  
  48  3:47  Immortal (Chrono Boost)  
  49  3:53  Pylon  
  49  3:54  Assimilator  
  49  4:04  Gateway  
  49  4:05  Adept  
  51  4:13  Charge  
  51  4:14  Protoss Ground Weapons Level 1  
  55  4:15  Immortal (Chrono Boost)  
  55  4:24  Sentry  
  57  4:30  Gateway x2  
  61  4:45  Immortal, Pylon  
  61  4:50  Gateway x2  
  64  4:51  Immortal  
  66  4:55  Sentry x2  
  69  5:15  Pylon x3  
  71  5:42  Zealot x2, Sentry  
  77  5:43  Immortal (Chrono Boost)  
  78  5:50  Sentry  
Spawning Tool Build Advisor. Get it on Overwolf

Analysis

just attack when charge and plus 1 attack finishes and keep doing units

Go to:

Details

  • Created by: Nate433
  • Published on: Nov 01, 2024
  • Modified on: Nov 01, 2024
  • Patch: 5.0.11
  • Difficulty: Medium
Show
View Real Time Build Order
Export as new Build Order

Comments (0)

There are no comments. Be the first!

Create an account to comment!